 Dungeon Crawl Stone Soup version 0.26-a0-491-g70697cc071 (webtiles) character file.

Game seed: 9310352515939823933

54 MrRokkomies the Ducker (level 3, -4/17 HPs)
             Began as a Felid Chaos Knight on Aug 5, 2020.
             Was a Plaything of Xom.
             Killed from afar by an orc wizard (7 damage)
             ... with a magic dart
             ... on level 3 of the Dungeon.
             The game lasted 00:04:15 (2299 turns).

MrRokkomies the Ducker (Felid Chaos Knight)         Turns: 2299, Time: 00:04:15

Health: -4/17      AC:  4    Str: 10    XL:     3   Next: 66%
Magic:  4/4        EV: 20    Int: 14    God:    Xom [...*..]
Gold:   178        SH:  0    Dex: 17    Spells: 2/2 levels left
                                        Lives:  0   Deaths: 1

rFire    . . .     SeeInvis +     - Unarmed
rCold    . . .     Faith    .   (shield unavailable)
rNeg     + . .     Spirit   .   (armour unavailable)
rPois    .         Reflect  .   (helmet unavailable)
rElec    .         Harm     .   (cloak unavailable)
rCorr    +         Clarity  +   (gloves unavailable)
MR       .....                  (boots unavailable)
Stlth    +++.......             (no amulet)
HPRegen  0.05/turn              g - ring of positive energy
MPRegen  0.09/turn              a - ring of resist corrosion

@: quick
A: very small, no armour, no weapons or thrown items, stealth, claws 1, fangs 3,
icy blue scales 1, rugged brown scales 1, thin skeletal structure 1, see
invisible, clarity, speed 1, mutation resistance 1, shaggy fur 1, strong 1, wild
magic 1, sharp paws
a: Renounce Religion


You were on level 3 of the Dungeon.
You worshipped Xom.
You were a favourite toy of Xom.
You visited 1 branch of the dungeon, and saw 3 of its levels.

You collected 178 gold pieces.

Inventory:

Jewellery
 a - a ring of resist corrosion (right paw)
 g - a ring of positive energy (left paw)
Potions
 e - a potion of stabbing
 k - a potion of mutation


   Skills:
 + Level 3.4 Fighting
 * Level 4.7 Dodging
 + Level 2.3 Stealth
 * Level 4.0 Unarmed Combat


You had 2 spell levels left.
You didn't know any spells.
Your spell library was empty.

Dungeon Overview and Level Annotations

Branches:
Dungeon (3/15)

Altars:


Innate Abilities, Weirdness & Mutations

You cannot wear armour.
You are incapable of wielding weapons or throwing items.
Your paws allow you to move quietly. (Stealth)
You have sharp claws.
You have razor-sharp teeth.
You have supernaturally acute eyesight. (SInv)
You cover ground quickly.
You are covered in fur. (AC +1)
Your sharp claws are effective at attacking unaware monsters.
You are partially covered in icy blue scales. (AC +2)
You are partially covered in rugged brown scales. (AC +1, +3% HP)
You have a somewhat thin skeletal structure. (Dex +2, Stealth)
You possess an exceptional clarity of mind.
You are somewhat resistant to further mutation.
Your muscles are strong. (Str +2)
Your spells are a little harder to cast, but a little more powerful.


Message History

You pounce on the unaware helpless leopard gecko!
You claw the leopard gecko!
You kill the leopard gecko!
The orc wizard gestures at you while chanting.
The magic dart hits you.
You pounce on the unaware helpless hobgoblin!
You claw the hobgoblin!
You kill the hobgoblin!
The orc wizard casts a spell at you. The magic dart hits you.
You are too injured to fight recklessly!
You are too injured to fight recklessly!
The orc wizard hits you with a +0 dagger.
* * * LOW HITPOINT WARNING * * *
You scratch the orc wizard. You bite the orc wizard.
The orc wizard is heavily wounded.
The orc wizard casts a spell at you. The magic dart hits you!
You die...
Xom snickers!

** #.# *, , ,.#..#..# ,
#.# *,*,, #..#...# #.#
* , **#.##...# *
#.#***,#####.#..... *
#.#* ,.......#...##
#.###..######...### ##*
#.....#*#.........# #..
#..#### #..o......#
#...#.@# #.........#
#.....o## ###.........#
#...##..###.....†.....#
#...###.#...#.........#
####.......##.........#
#.......##.........#
#.......##.........#
#.....†.############
#.......#


You could see an orc wizard (fast).

Vanquished Creatures
  Crazy Yiuf (D:2)
  2 adders
  An ooze (D:1)
  2 worms (D:2)
  A dart slug (D:1)
  3 leopard geckos
  2 orcs (D:3)
  2 bats
  2 giant cockroaches
  5 hobgoblins
  6 jackals
  2 frilled lizards
  3 goblins
  8 kobolds
  6 rats
46 creatures vanquished.

Notes
Turn   | Place    | Note
-------+----------+-------------------------------------------
     0 | D:1      | MrRokkomies the Felid Chaos Knight began the quest for the
                  | Orb.
     0 | D:1      | Reached XP level 1. HP: 10/10 MP: 2/2
   177 | D:1      | Reached XP level 2. HP: 14/14 MP: 3/3
   202 | D:1      | Reached skill level 1 in Stealth
   296 | D:1      | XOM: butterfly on damage
  1183 | D:1      | XOM is BORED!
  1216 | D:2      | Reached XP level 3. HP: 17/17 MP: 4/4
  1401 | D:2      | XOM: god gift: leather armour {god gift}
  1502 | D:2      | XOM: give mutation
  1502 | D:2      | Gained mutation: You are partially covered in icy blue
                  | scales. (AC +2) [Xom's grace]
  1557 | D:2      | XOM: give mutations
  1557 | D:2      | Gained mutation: Your spells are a little harder to cast,
                  | but a little more powerful. [Xom's grace]
  1557 | D:2      | Gained mutation: You are partially covered in rugged brown
                  | scales. (AC +1, +3% HP) [Xom's grace]
  1557 | D:2      | Gained mutation: You have a somewhat thin skeletal
                  | structure. (Dex +2, Stealth) [Xom's grace]
  1760 | D:2      | Found a runed translucent door.
  1761 | D:2      | Noticed Crazy Yiuf
  1773 | D:2      | Killed Crazy Yiuf
  1773 | D:2      | Reached XP level 4. HP: 18/21 MP: 5/5
  2119 | D:3      | XOM: give mutations
  2119 | D:3      | Gained mutation: Your muscles are strong. (Str +2) [Xom's
                  | grace]
  2119 | D:3      | Gained mutation: You are somewhat resistant to further
                  | mutation. [Xom's grace]
  2119 | D:3      | Gained mutation: You possess an exceptional clarity of
                  | mind. [Xom's grace]
  2209 | D:3      | XOM: 5-stop teleportation journey
  2211 | D:3      | Noticed an orc warrior
  2267 | D:3      | XOM: divination: magic mapping
  2279 | D:3      | Killed from afar by an orc wizard
  2280 | D:3      | Reached XP level 3. HP: -5/17 MP: 4/4
  2299 | D:3      | Killed from afar by an orc wizard

Illustrated notes

Levels and vault maps discovered:
D:1:      ebering_hopf_link, layout_loops_ring
D:2:      layout_basic, supply_closet_lemuel, uniq_crazy_yiuf_cottage
D:3:      layout_rooms, portal_sewer_entry_e

Skill      XL: |  1  2  3  4 |
---------------+-------------+-----
Stealth        | 1 2 |  2.3
Dodging        | 4 |  4.7
Unarmed Combat | 4 |  4.0
Fighting       | |  3.4

Action                   |  1- 3 |  4- 6 || total
-------------------------+-------+-------++-------
Melee: Unarmed           |   114 |    74 ||   188
       Bite              |    12 |     6 ||    18
       Punch             |     1 |     3 ||     4
  Use: Potion            |     1 |     3 ||     4
       Scroll            |       |     8 ||     8
 Stab: Sleeping          |     6 |     1 ||     7
Armor: Skin              |     8 |    17 ||    25
Dodge: Dodged            |    68 |    85 ||   153

Table legend: (Time is in decaauts)
 A = Elapsed time spent in this place.
 B = Non-inter-level travel time spent in this place.
 C = Inter-level travel time spent in this place.
 D = Time resting spent in this place.
 E = Time spent auto-exploring this place.
 F = Levels seen in this place.
 G = Mean time per level.
                   A        B        C        D        E       F      G
               +--------+--------+--------+--------+--------+-----+--------+
         Total |   1998 |   1932 |     66 |      3 |   1540 |   3 |  666.0 |
       Dungeon |   1998 |   1932 |     66 |      3 |   1540 |   3 |  666.0 |
               +--------+--------+--------+--------+--------+-----+--------+

Top non-repeatable levels by time:
     D:1: 1047 daAuts
     D:2: 712 daAuts
     D:3: 238 daAuts
